 Dungeon Crawl Stone Soup version 0.29.1-2-gbd0b4ee654 (webtiles) character file.

Game seed: 16511041017997081650

1509 whiskeysaurus the Conjurer (level 8, -2/85 HPs)
             Began as a Yellow Draconian Conjurer on Nov 21, 2022.
             Was an Initiate of Sif Muna.
             Slain by a gargoyle
             ... wielding a +4 flail of protection
              (21 damage)
             ... on level 6 of the Dungeon.
             The game lasted 00:17:42 (7805 turns).

whiskeysaurus the Conjurer (DrCj)                   Turns: 7805, Time: 00:17:42

Health: -2/85      AC:  9    Str: 14    XL:     8   Next: 53%
Magic:  8/15       EV: 14    Int: 20    God:    Sif Muna [......]
Gold:   330        SH:  0    Dex: 14    Spells: 12/17 levels left

rFire   . . .      SeeInvis .   n - +1 mace "Ejeiclen" {elec, Str+4 Dex+4}
rCold   + . .      Faith    .   (no shield)
rNeg    . . .      Spirit   .   (body armour unavailable)
rPois   .          Reflect  .   (helmet restricted)
rElec   .          Harm     .   (no cloak)
rCorr   +          Rampage  .   r - +0 pair of gloves
Will    .....                   s - +1 pair of boots
Stlth   ..........              y - amulet of regeneration
HPRegen 1.04/turn               k - ring of ice
MPRegen 0.14/turn               o - ring of protection from fire

@: berserking, short of breath, very quick
A: spit acid, AC +6, unfitting armour, cold-blooded, acid resistance
a: Breathe Acid, Renounce Religion


You were on level 6 of the Dungeon.
You worshipped Sif Muna.
Sif Muna was noncommittal.
You visited 2 branches of the dungeon, and saw 7 of its levels.

You collected 330 gold pieces.

Inventory:

Hand Weapons
 n - the +1 mace "Ejeiclen" (weapon) {elec, Str+4 Dex+4}
   (You found it on level 2 of the Dungeon)

   It occasionally discharges a powerful burst of electricity upon striking a
   foe.
   Str:       It affects your strength (+4).
   Dex:       It affects your dexterity (+4).
Missiles
 g - 37 stones
Armour
 r - a +0 pair of gloves (worn)
 s - a +1 pair of boots (worn)
Jewellery
 k - a ring of ice (left hand)
 o - a ring of protection from fire (right hand)
 y - an amulet of regeneration (around neck)
Wands
 A - a wand of roots (10)
Scrolls
 b - 2 scrolls of teleportation {unknown}
 c - 3 scrolls of enchant armour
 d - 4 scrolls of fog
 e - a scroll of vulnerability
 i - a scroll of immolation
 j - a scroll of identify
 l - a scroll of summoning {unknown}
 m - 2 scrolls of noise
 p - 2 scrolls of magic mapping
 v - a scroll of poison {unknown}
 x - a scroll of amnesia {unknown}
 z - a scroll of blinking {unknown}
 D - a scroll of enchant weapon {unknown}
Potions
 a - 5 potions of magic
 f - a potion of attraction
 h - a potion of berserk rage
 q - a potion of invisibility {unknown}
 t - 3 potions of curing
 u - a potion of haste {unknown}
 w - 3 potions of flight
 B - a potion of ambrosia {unknown}
 C - a potion of lignification {unknown}


   Skills:
 + Level 5.1 Dodging
 - Level 1.8 Stealth
 + Level 5.2 Spellcasting
 + Level 6.7 Conjurations
 + Level 4.5 Hexes


You had 12 spell levels left.
You knew the following spells:

 Your Spells              Type           Power      Damage    Failure   Level
a - Magic Dart            Conj           100%       1d8       1%          1
b - Fulminant Prism       Conj/Hex       13%        3d9       11%         4

Your spell library contained the following spells:

 Spells                   Type           Power      Damage    Failure   Level
 Searing Ray              Conj           64%        2d6       1%          2
 Dazzling Flash           Conj/Hex       54%        N/A       3%          3
 Confusing Touch          Hex            23%        N/A       5%          3
 Iskenderun's Mystic Bla  Conj/Tloc      18%        2d6       28%         4
 Frozen Ramparts          Ice            14%        1d3       34%         3
 Ozocubu's Armour         Ice            7%         N/A       34%         3
 Lightning Bolt           Conj/Air       9%         1d21      61%         5
 Airstrike                Air            2%         2d(1-17)  75%         4
 Ice Form                 Ice/Tmut       7%         N/A       75%         4
 Summon Ice Beast         Ice/Summ       7%         N/A       75%         4
 Summon Lightning Spire   Summ/Air       5%         N/A       75%         4
 Yara's Violent Unravell  Hex/Tmut       7%         3d5       77%         5
 Starburst                Conj/Fire      9%         6d5       99%         6
 Enfeeble                 Hex            11%        N/A       100%        7
 Ozocubu's Refrigeration  Ice            3%         4d8       100%        7


Dungeon Overview and Level Annotations

Branches:
Dungeon (6/15)             Temple (1/1) D:4

Altars:
Ashenzari
Cheibriados
Dithmenos
Elyvilon
Fedhas
Gozag
Hepliaklqana
Kikubaaqudgha
Makhleb
Nemelex Xobeh
Okawaru
Qazlal
Ru
Sif Muna
Trog
Uskayaw
Vehumet
Wu Jian
Xom
Yredelemnul
Zin
The Shining One


Innate Abilities, Weirdness & Mutations

You can spit globs of acid.
Your golden yellow scales are hard. (AC +6)
You cannot fit into any form of body armour.
You are cold-blooded and may be slowed by cold attacks.
You are resistant to acid. (rCorr)


Message History

The gargoyle is moderately damaged.
The gargoyle closely misses you.
The magic dart hits the gargoyle!
The gargoyle is heavily damaged.
The gargoyle hits you with a +4 flail of protection.
The magic dart hits the gargoyle but does no damage.
The gargoyle is heavily damaged.
The gargoyle barely misses you.
You can no longer call upon Sif Muna for magical energy.
The magic dart hits the gargoyle but does no damage.
The gargoyle is heavily damaged.
The gargoyle hits you with a +4 flail of protection!
The magic dart hits the gargoyle but does no damage.
The gargoyle is heavily damaged.
The gargoyle hits you with a +4 flail of protection!!
You are too injured to fight recklessly!
You are too injured to fight recklessly!
You are too injured to fight recklessly!
Casting: Magic Dart (safe; 1% risk of failure)
Confirm with . or Enter, or press ? or * to list all spells.
You don't know that spell.
Casting: Magic Dart (safe; 1% risk of failure)
Confirm with . or Enter, or press ? or * to list all spells.
Aiming: Magic Dart (safe; 1% risk of failure)
Press: ? - help, Shift-Dir - straight line, f/p - gargoyle
Aim: a gargoyle, wielding a +4 flail of protection (heavily damaged, covered in acid, 100% to hit)
The magic dart hits the gargoyle.
The gargoyle is severely damaged.
The gargoyle hits you with a +4 flail of protection!
* * * LOW HITPOINT WARNING * * *
Okay, then.
A red film seems to cover your vision as you go berserk!
You feel yourself moving faster!
You feel mighty!
The gargoyle is no longer covered in acid.
The gargoyle hits you with a +4 flail of protection!
* * * LOW HITPOINT WARNING * * *
You barely miss the gargoyle.
The gargoyle is heavily damaged.
The gargoyle hits you with a +4 flail of protection!!
You die...

######## #......#
#......# #......#
#########......#
#....@..#......#
#.###9#.#......#
#)#........# ##
?#####.####'####### #.
...........9........
#.
#.#.########.#######
#. #.9..# #.# #.
#.##.###.#
#####.#######.##.....#


You could see a gargoyle.

Vanquished Creatures
  Prince Ribbit (D:5)
  A wyvern (D:6)
  A water moccasin (D:5)
  2 ogres
  A kobold brigand (D:5)
  A gnoll sergeant (D:5)
  2 scorpions
  3 hounds (D:5)
  A jelly (D:4)
  2 orc priests
  Ijyb (D:5)
  3 iguanas
  A scorpion zombie (D:3)
  3 orc wizards
  2 hound zombies (D:3)
  2 hound skeletons (D:3)
  6 adders
  3 gnolls (D:5)
  A white imp (D:4)
  2 ufetubi (D:6)
  2 worms
  3 dart slugs
  8 orcs
  6 bats
  6 endoplasms
  2 giant cockroaches
  13 goblins
  12 hobgoblins
  3 jackals (D:1)
  4 quokkas
  3 ball pythons
  A ball python zombie (D:3)
  9 frilled lizards
  6 kobolds
  4 rats
121 creatures vanquished.

Vanquished Creatures (others)
  4 plants (D:5)
4 creatures vanquished.

Grand Total: 125 creatures vanquished

Notes
Turn   | Place    | Note
-------+----------+-------------------------------------------
     0 | D:1      | whiskeysaurus the Draconian Conjurer began the quest for
                  | the Orb.
     0 | D:1      | Reached XP level 1. HP: 14/14 MP: 3/3
   546 | D:1      | Reached XP level 2. HP: 20/20 MP: 3/5
   667 | D:1      | Found a faded altar of an unknown god.
  1735 | D:2      | Found a blossoming altar of Fedhas.
  1746 | D:2      | Reached XP level 3. HP: 26/26 MP: 3/6
  1978 | D:2      | Identified the +1 mace "Ejeiclen" {elec, Str+4 Dex+4}
  2198 | D:2      | Reached skill level 1 in Hexes
  2704 | D:3      | Reached XP level 4. HP: 33/33 MP: 0/8
  2928 | D:3      | Reached XP level 5. HP: 27/38 MP: 1/9
  3618 | D:4      | Noticed an ogre
  3650 | D:4      | Found a staircase to the Ecumenical Temple.
  3708 | D:3      | Reached skill level 5 in Conjurations
  3821 | Temple   | Entered the Ecumenical Temple
  4122 | Temple   | Became a worshipper of Sif Muna the Loreminder
  4400 | D:4      | Reached XP level 6. HP: 45/45 MP: 5/11
  4797 | D:4      | Found a hazy altar of Hepliaklqana.
  4858 | D:4      | Found a sparkling altar of Nemelex Xobeh.
  4862 | D:4      | Found an ornate altar of the Wu Jian Council.
  4863 | D:4      | Found a shadowy altar of Dithmenos.
  4864 | D:4      | Found a bloodstained altar of Trog.
  5451 | D:5      | Entered Level 5 of the Dungeon
  5472 | D:5      | Your scales start taking on a golden yellow colour.
  5472 | D:5      | Reached XP level 7. HP: 15/50 MP: 2/13
  5472 | D:5      | Gained mutation: You are resistant to acid. (rCorr) [Yellow
                  | Draconian growth]
  5984 | D:5      | Noticed Prince Ribbit
  5995 | D:5      | Killed Prince Ribbit
  5996 | D:5      | Reached skill level 6 in Conjurations
  6162 | D:5      | Learned a level 4 spell: Fulminant Prism
  6221 | D:5      | Reached XP level 8. HP: 46/57 MP: 9/15
  6758 | D:5      | Reached * piety under Sif Muna
  6759 | D:5      | Reached skill level 5 in Spellcasting
  6837 | D:5      | Noticed Ijyb
  6847 | D:5      | Killed Ijyb
  7340 | D:5      | Found a blossoming altar of Fedhas.
  7768 | D:6      | Noticed a gargoyle
  7769 | D:6      | Reached skill level 5 in Dodging
  7805 | D:6      | Slain by a gargoyle

Illustrated notes

Levels and vault maps discovered:
D:1:      giann_forest_graveyard, layout_basic,
          chequers_ecumenical_altar_island, minmay_lizard_pond
D:2:      layout_rooms, basic_altar, minmay_misc_feat_rows
D:3:      cheibrodos_greedy_goblins, layout_basic, serial_undead,
          serial_undead_c, serial_undead_c, serial_undead_f, serial_undead_b,
          serial_undead_f, chequers_garden
D:4:      layout_rooms, grunt_temple_overflow_open, minmay_temple_entry_slanted,
          serial_curves, eino_curves_04, eino_curves_03, eino_curves_03,
          kennysheep_generic_room_4
D:5:      layout_loops_corners, fedhas_altar_1, nicolae_figureground_pulse,
          uniq_ijyb, uniq_prince_ribbit1
D:6:      layout_basic, serial_shops, nicolae_shop_hallway_plus,
          interstate_on_off, nrook_mini_vaults
Temple:   minmay_temple_bridge_d

Skill      XL: |  1  2  3  4  5  6  7  8 |
---------------+-------------------------+-----
Dodging        | 2 3 4 5 |  5.1
Hexes          | 1 2 3 4 |  4.5
Spellcasting   | 3 4 5 |  5.2
Conjurations   | 5 6 |  6.7
Stealth        | |  1.8

Action                   |  1- 3 |  4- 6 |  7- 9 || total
-------------------------+-------+-------+-------++-------
Melee: Unarmed           |    67 |       |       ||    67
       Tailslap          |     8 |     5 |     1 ||    14
       Mace              |     3 |    49 |     2 ||    54
       Punch             |       |     1 |       ||     1
 Cast: Magic Dart        |    92 |   138 |   115 ||   345
 Abil: Breathe Acid      |       |       |    15 ||    15
  Use: Scroll            |       |     5 |     5 ||    10
       Potion            |       |       |     1 ||     1
Armor: Skin              |    23 |    29 |    17 ||    69
Dodge: Dodged            |    42 |    51 |    49 ||   142
